 Dungeon Crawl Stone Soup version 0.28.0 (webtiles) character file.

Game seed: 13022977397310719615

2200 inmateoo the Martial Artist (level 9, -5/65 HPs)
             Began as a Demonspawn Artificer on Feb 14, 2022.
             Was an Initiate of Makhleb.
             Shot with a sling bullet by Joseph (7 damage)
             ... on level 7 of the Dungeon.
             The game lasted 00:11:18 (5485 turns).

inmateoo the Martial Artist (Demonspawn Artificer)  Turns: 5485, Time: 00:11:18

Health: -5/65      AC:  4    Str: 12    XL:     9   Next: 12%
Magic:  4/13       EV: 12    Int: 22    God:    Makhleb [......]
Gold:   394        SH:  0    Dex: 13    Spells: 11/14 levels left

rFire   + . .      SeeInvis .   q - +6 spear
rCold   . . .      Faith    .   (no shield)
rNeg    . . .      Spirit   .   w - +2 robe {Archmagi}
rPois   .          Reflect  .   (helmet restricted)
rElec   .          Harm     .   (no cloak)
rCorr   .          Rampage  .   (no gloves)
Will    .....      Archmagi +   (no boots)
Stlth   ++........              f - amulet of regeneration
HPRegen 1.00/turn               n - ring of protection from fire
MPRegen 0.13/turn               (no ring)

@: no status effects
A: antennae 2, spiny 2, big brain 2
a: Renounce Religion


You were on level 7 of the Dungeon.
You worshipped Makhleb.
Makhleb was noncommittal.
You visited 2 branches of the dungeon, and saw 8 of its levels.

You collected 394 gold pieces.

Inventory:

Hand Weapons
 q - a +6 spear (weapon)
 t - a +2 dagger of venom
Armour
 b - a +1 leather armour
 m - a +0 kite shield
 w - a +2 robe of the Archmagi (worn)
 x - +0 fire dragon scales
Jewellery
 f - an amulet of regeneration (around neck)
 n - a ring of protection from fire (left hand)
Wands
 c - a wand of flame (9) (quivered)
 d - a wand of charming (14)
 i - a wand of paralysis (5)
 v - a wand of digging (4)
Scrolls
 a - a scroll of vulnerability
 p - 2 scrolls of teleportation
 s - 2 scrolls of immolation
Potions
 g - 2 potions of magic {unknown}
 h - a potion of might
 j - 3 potions of lignification
 k - a potion of resistance
 l - 3 potions of curing
 o - a potion of ambrosia {unknown}
 r - a potion of degeneration {unknown}
 u - a potion of haste {unknown}
 z - 2 potions of heal wounds
Miscellaneous
 e - a piece from Xom's chessboard (15/15)


   Skills:
 + Level 4.2 Fighting
 + Level 2.3 Armour
 + Level 1.5 Dodging
 - Level 1.0 Stealth
 + Level 8.1 Unarmed Combat
 + Level 3.3 Spellcasting
 - Level 3.0 Hexes
 + Level 1.0 Transmutations
 + Level 1.1 Air Magic
 + Level 4.3 Evocations


You had 11 spell levels left.
You knew the following spells:

 Your Spells              Type           Power      Damage    Failure   Level
a - Tukima's Dance        Hex            25%        N/A       11%         3

Your spell library contained the following spells:

 Spells                   Type           Power      Damage    Failure   Level
 Dazzling Flash           Conj/Hex       30%        N/A       21%         3
 Anguish                  Hex/Necr       7%         N/A       54%         4
 Iskenderun's Mystic Bla  Conj/Tloc      5%         2d3       77%         4
 Starburst                Conj/Fire      2%         6d3       100%        6
 Enfeeble                 Hex            12%        N/A       100%        7


Dungeon Overview and Level Annotations

Branches:
Dungeon (7/15)             Temple (1/1) D:6

Altars:
Makhleb
Uskayaw
Yredelemnul
Zin

Shops:
D:2 :   D:4 !

Annotations:
D:7 Joseph


Innate Abilities, Weirdness & Mutations

You have a pair of antennae on your head.
You are mostly covered in sharp spines.
You have an extremely huge brain. (Int +4)


Message History

You hit the ogre but do no damage. Your punch misses the ogre.
The ogre is almost dead.
The ogre is struck by your spines.
You kill the ogre!
Makhleb accepts your kill.
Your Transmutations skill increases to level 1!
Your Air Magic skill increases to level 1!
No target in view!
You start resting.
Magic restored.
There is a stone staircase leading up here.
Joseph is nearby!
Casting: Tukima's Dance (dangerous; 11% risk of failure)
Confirm with . or Enter, or press ? or * to list all spells.
Aiming: Tukima's Dance (dangerous; 11% risk of failure)
Press: ? - help, Shift-Dir - straight line, f - Joseph
Aim: Joseph, wielding a +5 hunting sling of freezing, wearing a +0 leather armour, quivering sling bullets and carrying a wand of iceblast (7) (wandering, hasn't noticed you, chance to affect: 38%)
You feel a surge of power!
Joseph shouts!
Joseph resists with some effort.
Joseph zaps a wand.
The mass of ice explodes!
The iceblast engulfs you!
Casting: Tukima's Dance (dangerous; 11% risk of failure)
Confirm with . or Enter, or press ? or * to list all spells.
Aiming: Tukima's Dance (dangerous; 11% risk of failure)
Press: ? - help, Shift-Dir - straight line, f/p - Joseph
Aim: Joseph, wielding a +5 hunting sling of freezing, wearing a +0 leather armour, quivering sling bullets and carrying a wand of iceblast (6) (chance to affect: 38%)
You feel a surge of power!
Joseph resists with some effort.
Joseph zaps a wand.
The mass of ice explodes!
The iceblast engulfs you!
Casting: Tukima's Dance (dangerous; 11% risk of failure)
Confirm with . or Enter, or press ? or * to list all spells.
Aiming: Tukima's Dance (dangerous; 11% risk of failure)
Press: ? - help, Shift-Dir - straight line, f/p - Joseph
Aim: Joseph, wielding a +5 hunting sling of freezing, wearing a +0 leather armour, quivering sling bullets and carrying a wand of iceblast (5) (chance to affect: 38%)
You feel a surge of power!
Joseph resists with some effort.
Joseph shoots a sling bullet.
The sling bullet hits you!! The sling bullet freezes you.
Joseph shoots a sling bullet.
The sling bullet hits you!!
* * * LOW HITPOINT WARNING * * *
The sling bullet freezes you!
You die...

### ##### #.#.. #O##...ยง
..###...## #.@{. ###{....#
#.##.....###### #....
#.>.....#
.......<.......!.....
#.####..#
#[##.....########.#..
#.##....## #.###...##
####.#### #.##.#.... ..#
##### #.......# #......###
### #.##.##.# ####.###
#.#@.##.# #...#
########.#.###.# #...#
...............# #...#
...............#####...####
...........##.##...........
...........................
...........##.##...........
...........##.####.#...#.##
# ..............# #.#...#.#


You could see Joseph.

Vanquished Creatures
  Menkaure (D:4)
  2 water moccasins
  Duvessa (D:5)
  An ice beast (D:6)
  A black bear (D:6)
  3 ogres
  A phantom (D:4)
  A bullfrog (D:6)
  3 scorpions
  Dowan (D:5)
  A howler monkey (D:6)
  A bullfrog zombie (D:5)
  2 centaur skeletons
  A jelly (D:6)
  A bullfrog skeleton (D:5)
  3 iguanas
  Ijyb (D:4)
  5 orc wizards
  3 gnolls (D:2)
  A howler monkey skeleton (D:7)
  10 adders
  A shadow imp (D:6)
  2 ufetubi
  An adder skeleton (D:4)
  2 worms
  3 dart slugs (D:1)
  16 orcs
  7 ball pythons
  6 endoplasms
  4 giant cockroaches
  7 goblins
  10 hobgoblins
  13 jackals
  5 quokkas
  A bat (D:2)
  4 frilled lizards
  10 kobolds
  4 rats
140 creatures vanquished.

Vanquished Creatures (collateral kills)
  Edmund (D:6)
  2 ogres
  A gnoll (D:2)
  A ball python (D:5)
  An endoplasm (D:2)
6 creatures vanquished.

Vanquished Creatures (others)
  A kobold brigand (D:7)
  An orc wizard (D:7)
  5 kobolds (D:7)
7 creatures vanquished.

Grand Total: 153 creatures vanquished

Notes
Turn   | Place    | Note
-------+----------+-------------------------------------------
     0 | D:1      | inmateoo the Demonspawn Artificer began the quest for the
                  | Orb.
     0 | D:1      | Reached XP level 1. HP: 15/15 MP: 1/1
   180 | D:1      | Reached skill level 1 in Unarmed Combat
   223 | D:1      | Gained mutation: You have an unusually large brain. (Int
                  | +2) [demonic ancestry]
   223 | D:1      | Reached XP level 2. HP: 21/21 MP: 2/2
   889 | D:2      | Found Beopuceo's Book Emporium.
   918 | D:2      | Reached skill level 2 in Unarmed Combat
   918 | D:2      | Gained mutation: You are partially covered in sharp spines.
                  | [demonic ancestry]
   918 | D:2      | Reached XP level 3. HP: 27/27 MP: 3/3
  1308 | D:2      | Reached XP level 4. HP: 33/33 MP: 4/4
  1354 | D:2      | Reached skill level 3 in Unarmed Combat
  1793 | D:3      | Reached XP level 5. HP: 40/40 MP: 5/5
  2225 | D:3      | Learned a level 3 spell: Tukima's Dance
  2581 | D:4      | Found Jonkatac's Magic Scroll Shoppe.
  2582 | D:4      | Noticed a phantom
  2602 | D:4      | Reached skill level 1 in Dodging
  2606 | D:4      | Killed a phantom
  2607 | D:4      | Reached skill level 4 in Unarmed Combat
  2607 | D:4      | Reached skill level 1 in Hexes
  2607 | D:4      | Gained mutation: You are mostly covered in sharp spines.
                  | [demonic ancestry]
  2607 | D:4      | Reached XP level 6. HP: 38/47 MP: 5/7
  2728 | D:4      | Noticed Menkaure
  2737 | D:4      | Killed Menkaure
  2738 | D:4      | Reached skill level 1 in Spellcasting
  2781 | D:4      | Noticed Ijyb
  2797 | D:4      | Killed Ijyb
  2989 | D:4      | Found Viurchauhoi's Distillery.
  3066 | D:4      | Reached skill level 1 in Stealth
  3316 | D:4      | Gained mutation: You have an extremely huge brain. (Int +4)
                  | [demonic ancestry]
  3316 | D:4      | Reached XP level 7. HP: 51/53 MP: 9/9
  3379 | D:5      | Entered Level 5 of the Dungeon
  3509 | D:5      | Reached skill level 5 in Unarmed Combat
  3573 | D:5      | Noticed Dowan
  3578 | D:5      | Killed Dowan
  3916 | D:5      | Gained mutation: You have a pair of small antennae on your
                  | head. [demonic ancestry]
  3916 | D:5      | Reached XP level 8. HP: 45/60 MP: 5/12
  4006 | D:5      | Noticed Duvessa
  4024 | D:5      | Killed Duvessa
  4255 | D:5      | Reached skill level 6 in Unarmed Combat
  4535 | D:6      | Reached skill level 7 in Unarmed Combat
  4796 | D:6      | Reached skill level 8 in Unarmed Combat
  4939 | D:6      | Found a staircase to the Ecumenical Temple.
  4939 | D:6      | Noticed Edmund
  4949 | D:6      | Killed Edmund
  4960 | Temple   | Entered the Ecumenical Temple
  5103 | Temple   | Became a worshipper of Makhleb the Destroyer
  5285 | D:7      | Gained mutation: You have a pair of antennae on your head.
                  | [demonic ancestry]
  5285 | D:7      | Reached XP level 9. HP: 65/65 MP: 13/13
  5382 | D:7      | Noticed Joseph
  5429 | D:7      | Reached skill level 1 in Transmutations
  5429 | D:7      | Reached skill level 1 in Air Magic
  5485 | D:7      | HP: 2/65 [Joseph/sling bullet (21)]
  5485 | D:7      | Shot with a sling bullet by Joseph

Illustrated notes

Levels and vault maps discovered:
D:1:      doesnt_arrival_eight_statues, layout_loops_ring
D:2:      layout_basic, serial_shops, shop_coins, st_stairs_9
D:3:      layout_basic
D:4:      layout_basic, serial_shops, shop, nicolae_shop_window_shopping,
          minmay_misc_feat_room, uniq_menkaure, uniq_ijyb
D:5:      layout_gridville, saegor_snake_ambush, uniq_duvessa
D:6:      layout_loops_ring, temple_green, minmay_hedge_maze, uniq_edmund
D:7:      layout_loops_cross, lemuel_flamethrower_2, uniq_joseph
Temple:   mainiacjoe_temple_trianglar_array

Skill      XL: |  1  2  3  4  5  6  7  8  9 |
---------------+----------------------------+-----
Unarmed Combat | 1 2 3 4 5 8 |  8.1
Fighting       | 2 3 4 |  4.2
Armour         | 2 |  2.3
Dodging        | 1 |  1.5
Hexes          | 1 2 3 |  3.0
Spellcasting   | 1 2 3 |  3.3
Stealth        | 1 |  1.0
Evocations     | 4 |  4.3
Transmutations | 1 |  1.0
Air Magic      | 1 |  1.1

Action                   |  1- 3 |  4- 6 |  7- 9 || total
-------------------------+-------+-------+-------++-------
Melee: Club              |    51 |       |       ||    51
       Dagger            |    49 |     4 |     3 ||    56
       Unarmed           |    38 |     3 |       ||    41
       Punch             |     1 |     4 |     6 ||    11
       Spear             |       |   173 |   130 ||   303
 Cast: Tukima's Dance    |       |       |    14 ||    14
Evoke: Piece from Xom's  |     1 |     4 |       ||     5
       Wand              |     6 |       |     2 ||     8
  Use: Scroll            |       |    10 |     4 ||    14
 Stab: Paralysed         |     1 |    12 |     3 ||    16
       Sleeping          |     2 |     2 |     3 ||     7
       Petrified         |       |     9 |       ||     9
Armor: Leather armour    |    26 |    21 |     2 ||    49
       Robe              |       |       |    18 ||    18
Dodge: Dodged            |    73 |    49 |    68 ||   190
